 Dungeon Crawl Stone Soup version 0.19-b1-4-gd8a0a2a (webtiles) character file.

21 dohliylev the Sneak (level 2, -4/19 HPs)
             Began as a Vampire Enchanter on Oct 30, 2016.
             Slain by Sigmund
             ... wielding a +0 scythe
              (10 damage)
             ... on level 2 of the Dungeon.
             The game lasted 00:03:12 (594 turns).

dohliylev the Sneak (Vampire Enchanter)              Turns: 594, Time: 00:03:12

Health: -4/19      AC:  3    Str:  7    XL:     2   Next: 62%
Magic:  2/5        EV: 13    Int: 17    God:
Gold:   30         SH:  0    Dex: 14    Spells: 2 memorised, 2 levels left

rFire  . . .     SeeInvis +     a - +1 dagger
rCold  . . .     Gourm    .     b - +1 robe
rNeg   + . .     Faith    .     (no shield)
rPois  .         Spirit   .     (no helmet)
rElec  .         Reflect  .     (no cloak)
rCorr  .         Harm     .     (no gloves)
MR     .....                    (no boots)
Stlth  +++.......               (no amulet)
                                (no ring)
                                (no ring)

@: no status effects
A: fangs 3, see invisible, unbreathing
a: no special abilities


You were on level 2 of the Dungeon.
You were not thirsty.

You visited 1 branch of the dungeon, and saw 2 of its levels.

You collected 30 gold pieces.

Inventory:

Hand Weapons
 a - a +1 dagger (weapon)
Armour
 b - a +1 robe (worn)
Jewellery
 f - an uncursed amulet of the gourmand {unknown}
Scrolls
 e - 2 scrolls of identify {unknown}
 g - a scroll of recharging {unknown}
 h - a scroll of random uselessness {unknown}
 i - a scroll of noise {unknown}
Potions
 d - a potion of blood
Books
 c - a book of Maledictions

   Spells                             Type                      Level
   a - Corona                         Hexes                        1
   b - Ensorcelled Hibernation        Hexes/Ice                    2
   c - Confuse                        Hexes                        3
   d - Tukima's Dance                 Hexes                        3
   e - Dazzling Spray                 Conjuration/Hexes            3


   Skills:
 + Level 1.1 Short Blades
 + Level 2.3 Dodging
 * Level 5.1 Stealth
 + Level 2.1 Spellcasting
 + Level 5.0 Hexes


You had 2 spell levels left.
You knew the following spells:

 Your Spells              Type           Power        Failure   Level  Hunger
a - Corona                Hex            ###....      2%          1    #......
b - Ensorcelled Hibernat  Hex/Ice        ##....       12%         2    ###....


Dungeon Overview and Level Annotations

Branches:
Dungeon (1/15)

Altars:

Annotations:
D:2 Sigmund


Innate Abilities, Weirdness & Mutations

You have razor-sharp teeth.
You have supernaturally acute eyesight. (SInv)
You can survive without breathing.


Message History

Sigmund points at you and mumbles some strange words.
The magic dart hits you! Sigmund casts a spell at you.
You resist with significant effort.
Casting: Ensorcelled Hibernation
Confirm with . or Enter, or press ? or * to list all spells.
Aiming: Ensorcelled Hibernation
Press: ? - help, Shift-Dir - straight line, f - Sigmund
Aim: Sigmund, wielding a scythe and wearing a robe (chance to defeat MR: 50%) Sigmund looks drowsy...
The helpless Sigmund fails to defend himself.
You puncture Sigmund!
Sigmund is heavily wounded.
Sigmund hits you with a scythe.
Sigmund gestures wildly while chanting.
Sigmund flickers and vanishes for a moment.
There is a stone staircase leading down here.
Sigmund hits you with a scythe!
Ouch! That really hurt!
You die...

......# ......#
#.....# #.....####
#.....#..
#.....#.. #
#.....#.# .#
#.....#.##..#.##
#.....#@........
#####...@.###.###.
#....%............
#..[..###.###.####
#.....# #.#
#......# #..
#....### ####
#....# #....#


You could see Sigmund (invisible).

Vanquished Creatures
  A dart slug (D:1)
  A giant cockroach (D:1)
  3 hobgoblins (D:1)
  4 bats (D:1)
  2 frilled lizards (D:1)
  3 goblins (D:1)
  4 kobolds
  2 rats (D:1)
20 creatures vanquished.

Notes
Turn   | Place    | Note
-------+----------+-------------------------------------------
     0 | D:1      | dohliylev the Vampire Enchanter began the quest for the Orb.
     0 | D:1      | Reached XP level 1. HP: 13/13 MP: 3/3
   231 | D:1      | Reached XP level 2. HP: 19/19 MP: 5/5
   235 | D:1      | Learned a level 2 spell: Ensorcelled Hibernation
   295 | D:1      | Reached skill level 5 in Hexes
   378 | D:1      | Reached skill level 5 in Stealth
   544 | D:1      | You fall through a shaft!
   554 | D:2      | Noticed Sigmund
   594 | D:2      | Slain by Sigmund

Skill      XL: |  1  2 |
---------------+-------+-----
Hexes          | 5 |  5.0
Stealth        | 5 |  5.1
Short Blades   | |  1.1
Dodging        | |  2.3
Spellcasting   | |  2.1

Action                   || total
-------------------------++-------
Melee: Dagger            ||    68
       Bite              ||     3
 Cast: Ensorcelled Hiber ||     7
 Stab: Sleeping          ||     8
  Eat: Corpse            ||     3
Armor: Robe              ||    19
Dodge: Dodged            ||    62
